 Dungeon Crawl Stone Soup version 0.31-a0-1476-g8a4046af8c (webtiles) character file.

Game seed: 14418400344899227121

202023 Amplified the Severer (level 17, 0/142 HPs)
             Began as a Demonspawn Monk on Dec 28, 2023.
             Was the Champion of Nemelex Xobeh.
             Hit by a silver javelin thrown by a merfolk javelineer (5 damage)
             ... on level 4 of the Shoals on Dec 29, 2023.
             The game lasted 01:10:58 (31640 turns).

Amplified the Severer (Demonspawn Monk)            Turns: 31640, Time: 01:10:58

Health: 0/142      AC: 19    Str: 26    XL:     17   Next: 93%
Magic:  30/30      EV: 11    Int:  9    God:    Nemelex Xobeh [******]
Gold:   463        SH: 25    Dex: 17    Spells: 23/25 levels left

rFire   . . .        n - +5 broad axe (flame)
rCold   + . .        B - +6 tower shield {rC+}
rNeg    + . .        F - +0 acid dragon scales
rPois   +            (helmet restricted)
rElec   .            g - +0 cloak
rCorr   +            i - +2 pair of gloves {infuse}
SInv    .            d - +2 pair of boots {Stlth+}
Will    +....        l - amulet of faith
Stlth   ++           p - ring "Efobra" {rN+ Str+4}
HPRegen 0.43/turn    j - +4 ring of protection
MPRegen 0.22/turn

%: faith, infuse magic (1 MP)
@: no status effects
A: horns 2, foul stench 1, augmentation 1, sharp scales 2, demonic magic 2,
hooves 1, passive freeze, poison resistance, strong 1, wild magic 1
}: 1/15 runes: serpentine
a: Renounce Religion, Draw Escape, Draw Destruction, Draw Summoning, Triple
Draw, Deal Four, Stack Five


You were on level 4 of the Shoals.
You worshipped Nemelex Xobeh.
Nemelex Xobeh was exalted by your worship.
You visited 6 branches of the dungeon, and saw 31 of its levels.
You visited the Abyss 1 time.
You also visited: Ice Cave.

You collected 2747 gold pieces.
You spent 2284 gold pieces at shops.

Inventory:

Hand Weapons
 k - the +5 dagger "Okhesabi" {freeze, rF+ Str+2 Int-5 SInv}
   (You found it on level 2 of the Dungeon)

   Str+2:     It affects your strength (+2).
   Int-5:     It affects your intelligence (-5).
   rF+:       It protects you from fire.
   SInv:      It lets you see invisible.
 n - a +5 broad axe of flaming (weapon)
 I - a +0 demon whip of venom
Missiles
 x - 3 curare-tipped darts (quivered)
 D - 24 poisoned darts
 Y - a throwing net
Armour
 d - a +2 pair of boots of stealth (worn)
 f - a +1 scale mail of fire resistance
 g - a +0 cloak (worn)
 i - a +2 pair of gloves of infusion (worn)
 B - a +6 tower shield of cold resistance (worn)
 F - +0 acid dragon scales (worn)
Jewellery
 j - a +4 ring of protection (right hand)
 l - an amulet of faith (around neck)
 p - the ring "Efobra" (left hand) {rN+ Str+4}
   (You found it on level 3 of the Dungeon)

   [ring of positive energy]

   Str+4:     It affects your strength (+4).
   rN+:       It protects you from negative energy.
 C - a ring of poison resistance
 P - a ring of protection from fire
Wands
 o - a wand of flame (43)
 z - a wand of charming (4)
 M - a wand of roots (10)
 N - a wand of light (6)
 U - a wand of digging (5)
Scrolls
 a - a scroll of silence
 b - 2 scrolls of noise
 r - 2 scrolls of vulnerability
 v - 3 scrolls of brand weapon
 y - 13 scrolls of teleportation
 E - 2 scrolls of revelation
 G - 5 scrolls of poison
 H - a scroll of butterflies
 J - 3 scrolls of fog
 K - 5 scrolls of identify
 Q - 4 scrolls of immolation
 V - a scroll of fear
 W - a scroll of amnesia
 X - a scroll of acquirement
Potions
 e - a potion of mutation
 h - 3 potions of magic
 q - 6 potions of cancellation
 s - 2 potions of heal wounds
 t - 4 potions of attraction
 u - 4 potions of lignification
 w - 5 potions of brilliance
 A - a potion of berserk rage
 L - a potion of invisibility
 O - 2 potions of enlightenment
 R - 11 potions of curing
 S - 3 potions of might
 T - a potion of resistance
Miscellaneous
 m - a phantom mirror (inert)


   Skills:
 + Level 15.5 Fighting
 - Level 18.6 Axes
 - Level 3.3 Dodging
 * Level 14.1 Shields
 * Level 4.7 Spellcasting
 * Level 4.7 Translocations
 - Level 18.0 Invocations


You had 23 spell levels left.
You knew the following spells:

 Your Spells              Type           Power      Damage    Failure   Level
a - Lesser Beckoning      Tloc           26%        N/A       24%         2

Your spell library contained the following spells:

 Spells                   Type           Power      Damage    Failure   Level
 Blink                    Tloc           26%        N/A       24%         2
 Gell's Gravitas          Tloc           13%        N/A       41%         3
 Teleport Other           Tloc           13%        N/A       41%         3
 Momentum Strike          Conj/Tloc      16%        3d8       50%         2
 Necrotise                Necr           8%         1d4       67%         1
 Slow                     Hex            8%         N/A       67%         1
 Summon Small Mammal      Summ           8%         N/A       67%         1
 Volatile Blastmotes      Fire/Tloc      16%        2d11      73%         3
 Manifold Assault         Tloc           13%        N/A       80%         4
 Call Canine Familiar     Summ           2%         N/A       95%         3
 Confusing Touch          Hex            2%         N/A       95%         3
 Dazzling Flash           Conj/Hex       4%         N/A       95%         3
 Frozen Ramparts          Ice            4%         1d1       95%         3
 Ozocubu's Armour         Ice            2%         N/A       95%         3
 Sigil of Binding         Hex            2%         N/A       95%         3
 Summon Ice Beast         Ice/Summ       2%         N/A       95%         3
 Vampiric Draining        Necr           2%         2d6       95%         3
 Leda's Liquefaction      Alch/Erth      1%         N/A       100%        4
 Martyr's Knell           Necr/Summ      2%         N/A       100%        4
 Petrify                  Alch/Erth      2%         N/A       100%        4
 Summon Blazeheart Golem  Fire/Summ      2%         N/A       100%        4
 Curse of Agony           Necr           2%         N/A       100%        5
 Metabolic Englaciation   Hex/Ice        1%         N/A       100%        5
 Conjure Ball Lightning   Conj/Air       1%         3x3d6     100%        6
 Dispersal                Tloc           6%         N/A       100%        6
 Sculpt Simulacrum        Ice/Alch       1%         N/A       100%        6
 Starburst                Conj/Fire      1%         6d3       100%        6
 Malign Gateway           Summ/Tloc      4%         N/A       100%        7
 Ozocubu's Refrigeration  Ice            1%         4d7       100%        7
 Discord                  Hex            1%         N/A       100%        8
 Disjunction              Tloc           6%         N/A       100%        8
 Maxwell's Capacitive Co  Air            1%         ∞         100%        8
 Summon Horrible Things   Summ           1%         N/A       100%        8


Dungeon Overview and Level Annotations

Branches:
Dungeon (15/15)            Temple (1/1) D:5            Lair (5/5) D:8
 Shoals (4/4) Lair:2        Snake (4/4) Lair:2        Slime (0/5) Lair:4
    Orc (2/2) D:12            Elf (0/3) Orc:2        Vaults (0/5) D:13
 Depths (0/4) D:15          IceCv (visited)

Altars:
Ashenzari
Cheibriados
Dithmenos
Fedhas
Gozag
Hepliaklqana
Kikubaaqudgha
Makhleb
Nemelex Xobeh
Okawaru
Qazlal
Ru
Sif Muna
Trog
Uskayaw
Vehumet
Wu Jian
Xom
Yredelemnul
Jiyva

Shops:
Orc:2 !!(   Shoals:1 *   Snake:2 (   Snake:4 *

Portals:
Hell: Lair:5

Annotations:
D:4 2 transporters
D:11 3 runed translucent doors, FutureFunk's ghost, journeyman OpSh
Lair:4 Bad drop below
Lair:5 1 runed translucent door, hitsuchi's ghost, journeyman DsNe


Innate Abilities, Weirdness & Mutations

You have a pair of horns on your head.
You may rarely emit foul miasma when damaged in melee.
Your magical and physical power is slightly enhanced at high health.
You are mostly covered in razor-sharp scales. (AC +2, Slay +2)
Spells you cast may paralyse nearby enemies.
You have large cloven feet.
A frigid envelope surrounds you and freezes all who hurt you.
Your system is resistant to poisons. (rPois)
Your muscles are strong. (Str +4, Int/Dex -1)
Your spells are a little harder to cast, but a little more powerful.


Message History

* * * LOW HITPOINT WARNING * * *
Amplified's illusion hits the merfolk javelineer.
Amplified's illusion burns the merfolk javelineer.
Unknown command.
Unknown command.
You feel much better.
The merfolk javelineer throws a silver javelin.
The silver javelin pierces through Amplified's illusion but does no damage.
The silver javelin pierces through you!
* * * LOW HITPOINT WARNING * * *
The silver sears you!
* * * LOW HITPOINT WARNING * * *
Amplified's illusion hits the merfolk javelineer!!
Amplified's illusion burns the merfolk javelineer.
Amplified's illusion barely misses the merfolk javelineer.
Unknown command.
Something hits Amplified's illusion.
Unknown command.
Unknown command.
Unknown command.
Unknown command.
Unknown command.
Unknown command.
Unknown command.
Unknown command.
Unknown command.
Unknown command.
The merfolk javelineer throws a silver javelin.
The silver javelin pierces through you!!
* * * LOW HITPOINT WARNING * * *
The silver sears you!
* * * LOW HITPOINT WARNING * * *
Unknown command.
Unknown command.
You swap places.
The merfolk javelineer throws a silver javelin.
The silver javelin barely misses Amplified's illusion.
The silver javelin pierces through you.
You die...
Your body glows with a rainbow of weird colours and disappears.

,*,,,,,#≈≈≈≈≈≈≈≈≈≈≈≈≈≈≈≈~~~~~~~~~
,*,,,,,#~~~~~~≈≈≈≈≈≈≈≈≈≈~~~~~~~~~
P*,,,,,#~~~~~~~~~≈≈≈≈≈≈≈~~~~~~~~~
~#*,,,##~~~~§~~~~~≈≈≈≈≈≈~~~~~~~~~
~~##+##~~.~~§~~~~~~≈≈≈≈≈~~~~~~~~~
~~~~~~~~..§§§§...~~≈≈≈≈≈~~~~~~~~~
~~~~......~~§.§.§~≈≈≈≈≈≈~~~~~~~~~
~~~.).~...~≈~§##..~≈≈≈≈≈~~~~~~~~~
~~~.......~≈≈~##@.~~~~~≈~*****~~~
~~~†○.....m~≈≈.@@~~~≈~~~**,,,**~~
~~).......).~≈~....~~~~~*,,,,,*~~
~~<÷.........~~~.....~~~*,,,,,+~~
~...)................~~~*,,,,,*~~
~~.)..........~..#.....~**,,,**~~
~m.†...#..###.~~.#......,*****~~~
...)†............#..........~≈~~~
~.~~........................~≈~~~


You could see a merfolk javelineer (ally target) and 2 friendly Amplified's
illusions.

Vanquished Creatures
  Nikola (Snake:1)
  Mlioglotl (Shoals:2)
  Donald (Snake:3)
  5 nagarajas (Snake:4)
  An orc warlord (Orc:2)
  4 merfolk javelineers (Shoals:4)
  An ettin (D:15)
  3 merfolk impalers
  A salamander tyrant (Snake:1)
  A rakshasa (D:14)
  An entropy weaver (D:15)
  A great orb of eyes (D:15)
  8 vault guards (D:13)
  A radroach (Shoals:4)
  2 catoblepae
  2 hydras (Lair:5)
  16 anacondas
  5 centaur warriors
  3 boulder beetles
  An alligator snapping turtle (Shoals:4)
  2 merfolk aquamancers
  2 merfolk avatars (Shoals:4)
  11 naga warriors
  3 two-headed ogres
  8 death yaks
  8 naga sharpshooters
  An occultist (Lair:5)
  7 shock serpents
  A fire crab (D:8)
  3 skysharks
  A skeletal warrior (D:15)
  3 salamander mystics
  A sixfirhy (Lair:5)
  6 sea snakes
  7 naga ritualists
  Pikel (D:7)
  A necromancer (IceCv)
  An orc knight (Orc:2)
  3 ugly things (D:15)
  A deep elf pyromancer (D:14)
  12 mana vipers
  5 cyclopes
  3 oklob plants
  A shining eye (D:15)
  A wolf spider (shapeshifter) (D:15)
  12 manticores
  3 fauns
  A meliai (Snake:4)
  13 salamanders
  A kobold blastminer (Orc:2)
  40 black mambas
  6 merfolk sirens
  6 guardian serpents
  A torpor snail (Lair:5)
  14 naga magi
  6 water nymphs
  3 gargoyles
  14 cane toads
  An unseen horror (shapeshifter) (D:15)
  An efreet (D:15)
  A yaktaur (D:12)
  An anaconda simulacrum (IceCv)
  3 rime drakes (Lair:5)
  2 ice devils (IceCv)
  A freezing wraith (D:15)
  9 komodo dragons
  2 burning bushes (Lair:5)
  4 trolls
  7 merfolk
  5 wind drakes
  A hellwing (Lair:5)
  3 polar bears
  A raiju (D:14)
  8 snapping turtles
  8 dream sheep
  10 blink frogs
  7 slime creatures
  A snapping turtle (shapeshifter) (D:15)
  2 shadows
  6 water elementals
  A centaur simulacrum (D:14)
  4 wraiths
  2 wyverns
  17 yaks
  A hog (Snake:4)
  4 wargs
  4 steam dragons
  A human (D:12)
  6 vampire mosquitoes
  4 basilisks
  3 hydra simulacra (IceCv)
  34 nagas
  3 acid dragons
  A hell hound (Lair:5)
  24 water moccasins
  A swamp drake (Snake:4)
  26 orc warriors
  2 sky beasts
  A black bear (D:5)
  4 ice beasts
  8 ogres
  2 boggarts
  11 centaurs
  A kobold brigand (D:10)
  A lemure (Lair:5)
  8 bullfrogs
  7 scorpions
  5 killer bees
  2 howler monkeys (D:9)
  An electric eel (Lair:1)
  A crimson imp (Lair:5)
  6 bombardier beetles
  5 jellies
  A quasit (Lair:5)
  5 hounds
  A gnoll bouda (D:9)
  12 orc priests
  2 sleepcaps
  Crazy Yiuf (D:3)
  2 iguanas
  18 orc wizards
  2 spriggan simulacra (IceCv)
  2 troll simulacra (IceCv)
  3 polar bear simulacra (IceCv)
  9 gnolls
  9 adders
  2 shadow imps
  13 white imps
  2 ufetubi (Lair:5)
  4 worms (D:2)
  7 dart slugs
  58 orcs
  6 bats
  7 endoplasms
  4 giant cockroaches
  9 goblins
  6 hobgoblins
  3 jackals
  9 kobolds
  6 quokkas
  6 ball pythons
  2 frilled lizards
  9 rats
  A tentacle (Shoals:3)
778 creatures vanquished.

Vanquished Creatures (collateral kills)
  Polyphemus (Shoals:2)
  A kraken (Shoals:3)
  3 nagarajas (Snake:4)
  Nessos (D:14)
  A dire elephant (Lair:5)
  A merfolk impaler (Shoals:3)
  2 alligator snapping turtles
  2 boulder beetles
  An anaconda (Snake:4)
  A two-headed ogre (D:8)
  A death knight (D:15)
  A centaur warrior (D:14)
  11 death yaks
  A naga warrior (Snake:4)
  A shock serpent (Snake:4)
  Amaemon (D:11)
  A naga ritualist (Snake:4)
  A skyshark (Lair:5)
  An orb spider (Shoals:4)
  A bog body (IceCv)
  A mana viper (Snake:4)
  4 cyclopes
  A faun (Shoals:3)
  A manticore (Shoals:4)
  2 meliai
  2 ice statues (IceCv)
  A cane toad (Lair:3)
  A black mamba (Snake:4)
  2 kobold blastminers (Orc:2)
  2 orange demons
  An anaconda simulacrum (IceCv)
  2 komodo dragons
  A freezing wraith (D:14)
  2 ice devils (IceCv)
  3 merfolk
  A polar bear (Lair:5)
  3 blink frogs (Lair:5)
  4 dream sheep
  3 slime creatures
  2 snapping turtles (Shoals:4)
  2 dire elephant simulacra (IceCv)
  A water elemental (Shoals:3)
  12 yaks
  A steam dragon (D:8)
  2 nagas (Snake:4)
  4 water moccasins
  3 hydra simulacra (IceCv)
  3 orc warriors (Orc:2)
  A black bear (D:5)
  A wolf (Lair:5)
  3 centaurs
  A kobold brigand (D:5)
  A bullfrog (Shoals:4)
  A scorpion (D:5)
  An orc priest (D:8)
  An orc wizard (D:8)
  3 white imps (D:11)
  3 orcs
  A goblin (Orc:2)
  A tentacle (Shoals:3)
119 creatures vanquished.

Vanquished Creatures (others)
  A naga (Snake:1)
  A centaur (D:14)
  An orc (D:5)
  3 tentacles (Shoals:3)
6 creatures vanquished.

Grand Total: 903 creatures vanquished

Notes
Turn   | Place    | Note
-------+----------+-------------------------------------------
     0 | D:1      | Amplified the Demonspawn Monk began the quest for the Orb.
     0 | D:1      | Reached XP level 1. HP: 18/18 MP: 1/1
   202 | D:1      | Found a faded altar of an unknown god.
   207 | D:1      | Gained mutation: You are partially covered in razor-sharp
                  | scales. (AC +1, Slay +1) [demonic ancestry]
   207 | D:1      | Reached XP level 2. HP: 24/24 MP: 2/2
   634 | D:2      | Gained mutation: Spells you cast may paralyse adjacent
                  | enemies. [demonic ancestry]
   634 | D:2      | Reached XP level 3. HP: 16/29 MP: 3/3
  1060 | D:2      | Identified the +5 dagger "Okhesabi" {freeze, rF+ Str+2
                  | Int-5 SInv}
  1351 | D:2      | Reached XP level 4. HP: 33/37 MP: 4/4
  1658 | D:3      | Identified the ring "Efobra" {rN+ Str+4}
  2330 | D:3      | Reached XP level 5. HP: 41/42 MP: 5/5
  2374 | D:3      | Found a runed translucent door.
  2375 | D:3      | Noticed Crazy Yiuf
  2382 | D:3      | Killed Crazy Yiuf
  2387 | D:3      | Identified the +5 hammer of Qolo {flame, ^Drain rF+++ Will-
                  | Int+3}
  2483 | D:4      | Reached skill level 1 in Shields
  2660 | D:4      | Found a transporter.
  2694 | D:4      | Found a transporter.
  2897 | D:5      | Entered Level 5 of the Dungeon
  3019 | D:5      | Reached XP level 6. HP: 50/50 MP: 6/6
  3083 | D:5      | Found a staircase to the Ecumenical Temple.
  3089 | D:5      | Noticed an ice beast
  3107 | D:5      | Killed an ice beast
  3108 | D:5      | Reached skill level 5 in Fighting
  3128 | Temple   | Entered the Ecumenical Temple
  3138 | Temple   | Became a worshipper of Nemelex Xobeh the Trickster
  3138 | Temple   | Reached * piety under Nemelex Xobeh
  3138 | Temple   | Received a gift from Nemelex Xobeh
  3138 | Temple   | Reached ** piety under Nemelex Xobeh
  3285 | D:5      | Reached XP level 7. HP: 54/56 MP: 7/7
  3325 | D:5      | Reached skill level 1 in Invocations
  3338 | D:5      | Reached skill level 5 in Axes
  3473 | D:5      | an adder changed into a steam dragon
  3473 | D:5      | Noticed a steam dragon
  3577 | D:5      | Killed a steam dragon
  3662 | D:5      | Gained mutation: Spells you cast may paralyse nearby
                  | enemies. [demonic ancestry]
  3662 | D:5      | Reached XP level 8. HP: 64/64 MP: 10/10
  3914 | D:6      | Reached skill level 5 in Invocations
  3922 | D:6      | Noticed a boulder beetle
  4182 | D:6      | Received a gift from Nemelex Xobeh
  4253 | D:6      | You fall into a shaft and drop 3 floors!
  4290 | D:9      | Reached XP level 9. HP: 70/72 MP: 13/13
  4331 | D:9      | Reached skill level 5 in Shields
  4520 | D:8      | Reached *** piety under Nemelex Xobeh
  4537 | D:8      | Received a gift from Nemelex Xobeh
  4886 | D:6      | Killed a boulder beetle
  5460 | D:7      | Noticed Pikel
  5475 | D:7      | Killed Pikel
  5590 | D:7      | Reached **** piety under Nemelex Xobeh
  5939 | D:8      | Gained mutation: You are mostly covered in razor-sharp
                  | scales. (AC +2, Slay +2) [demonic ancestry]
  5939 | D:8      | Reached XP level 10. HP: 80/80 MP: 14/16
  5966 | D:8      | Found a hazy altar of Hepliaklqana.
  5966 | D:8      | Found a basalt altar of Yredelemnul.
  6249 | D:8      | Received a gift from Nemelex Xobeh
  6294 | D:8      | Noticed a two-headed ogre
  6305 | D:8      | Killed a two-headed ogre
  6332 | D:8      | Noticed a fire crab
  6347 | D:8      | Killed a fire crab
  6393 | D:8      | Found a staircase to the Lair.
  7009 | D:9      | Noticed Maggie
  7013 | D:9      | Maggie changed into Maggie the bombardier beetle
  7013 | D:9      | Noticed Maggie
  7015 | D:9      | Killed Maggie the bombardier beetle
  7041 | D:9      | Received a gift from Nemelex Xobeh
  7178 | D:10     | Entered Level 10 of the Dungeon
  7228 | D:10     | Reached ***** piety under Nemelex Xobeh
  7685 | D:10     | Found an opulent altar of Gozag.
  7894 | D:11     | Found a frozen archway.
  7910 | D:11     | Reached skill level 10 in Invocations
  7910 | D:11     | Reached XP level 11. HP: 65/89 MP: 18/18
  8013 | D:11     | Received a gift from Nemelex Xobeh
  8026 | D:11     | Noticed a boulder beetle
  8030 | D:11     | Found a runed translucent gate.
  8031 | D:11     | Found a runed translucent gate.
  8031 | D:11     | Noticed FutureFunk's ghost (journeyman OpSh)
  8032 | D:11     | Found a runed translucent gate.
  8093 | D:11     | Noticed a two-headed ogre
  8103 | D:11     | Killed a two-headed ogre
  8123 | IceCv    | Entered an ice cave
  8815 | IceCv    | Gained mutation: A frigid envelope surrounds you and
                  | freezes all who hurt you. [potion of mutation]
  8815 | IceCv    | Gained mutation: You do not regenerate when monsters are
                  | visible. [potion of mutation]
  8815 | IceCv    | Gained mutation: You are partially covered in large bone
                  | plates. (SH +4) [potion of mutation]
  9059 | IceCv    | Reached skill level 10 in Fighting
  9292 | IceCv    | Noticed a necromancer
  9292 | IceCv    | Noticed a bog body
  9300 | IceCv    | Killed a necromancer
  9307 | IceCv    | Killed a bog body
  9324 | IceCv    | Got Cawu's Vellum of Firn
  9417 | D:11     | Noticed Amaemon
  9421 | D:11     | Identified the +0 long sword of Annihilation {venom, Str+4}
  9425 | D:11     | Killed Amaemon
  9521 | D:11     | Noticed a boulder beetle
  9528 | D:11     | Killed a boulder beetle
  9654 | D:11     | Noticed a two-headed ogre
  9789 | D:12     | Found an iron altar of Okawaru.
  9898 | D:12     | Reached XP level 12. HP: 78/99 MP: 20/20
  9961 | D:12     | Received a gift from Nemelex Xobeh
 10090 | D:11     | Identified the +0 ring mail of Fome Der {Str+2}
 10293 | D:11     | Received a gift from Nemelex Xobeh
 10404 | D:11     | Upgraded the game from 0.31-a0-1458-g2f8d4710b4 to
                  | 0.31-a0-1476-g8a4046af8c
 10515 | D:12     | Reached ****** piety under Nemelex Xobeh
 10538 | D:12     | Received a gift from Nemelex Xobeh
 10542 | D:12     | Identified the +0 leather armour "Puideisema" {Rampage
                  | Dex+2}
 10563 | D:12     | Reached skill level 10 in Axes
 10700 | D:12     | Noticed a boulder beetle
 10877 | Lair:1   | Entered Level 1 of the Lair of Beasts
 11114 | Lair:1   | Received a gift from Nemelex Xobeh
 11246 | Lair:1   | Received a gift from Nemelex Xobeh
 11343 | Lair:1   | Noticed a boulder beetle
 11345 | Lair:1   | Identified the -1 trident of the Desolation of Salt {drain,
                  | rPois Will+ Dex-2}
 11351 | Lair:1   | Killed a boulder beetle
 11638 | Lair:1   | Received a gift from Nemelex Xobeh
 12044 | Lair:2   | Received a gift from Nemelex Xobeh
 12197 | Lair:2   | Found a staircase to the Snake Pit.
 12511 | Lair:2   | Found a staircase to the Shoals.
 12561 | Lair:2   | Reached skill level 10 in Shields
 12604 | Lair:2   | Received a gift from Nemelex Xobeh
 12909 | Lair:3   | Noticed a catoblepas
 12925 | Lair:3   | Killed a catoblepas
 13131 | Lair:3   | Noticed a death yak
 13132 | Lair:3   | Noticed a death yak
 13132 | Lair:3   | Noticed a death yak
 13134 | Lair:3   | Noticed a death yak
 13135 | Lair:3   | Gained mutation: You have a pair of small horns on your
                  | head. [demonic ancestry]
 13135 | Lair:3   | Reached XP level 13. HP: 107/107 MP: 23/23
 13211 | Lair:3   | Received a gift from Nemelex Xobeh
 13728 | Lair:4   | Received a gift from Nemelex Xobeh
 14108 | Lair:4   | Received a gift from Nemelex Xobeh
 14379 | Lair:4   | Found a viscous altar of Jiyva.
 14381 | Lair:4   | Found a staircase to the Slime Pits.
 14412 | Lair:4   | Received a gift from Nemelex Xobeh
 14733 | Lair:5   | Entered Level 5 of the Lair of Beasts
 15213 | D:12     | Reached skill level 15 in Invocations
 15220 | D:12     | Found a staircase to the Orcish Mines.
 15236 | D:12     | Identified the +8 orcbow of Jairyugus {drain, ^Fragile
                  | rPois Int+3}
 15742 | D:13     | Found a gate to the Vaults.
 15757 | D:13     | Reached XP level 14. HP: 100/118 MP: 25/25
 15885 | Orc:1    | Entered Level 1 of the Orcish Mines
 16356 | Orc:2    | Entered Level 2 of the Orcish Mines
 16498 | Orc:2    | Received a gift from Nemelex Xobeh
 16670 | Orc:2    | Found Ydoack's Distillery.
 16674 | Orc:2    | Received a gift from Nemelex Xobeh
 16682 | Orc:2    | Found a staircase to the Elven Halls.
 16683 | Orc:2    | Bought 2 potions of curing for 90 gold pieces
 16683 | Orc:2    | Bought 2 potions of curing for 90 gold pieces
 16683 | Orc:2    | Bought 2 potions of curing for 90 gold pieces
 16683 | Orc:2    | Bought a potion of curing for 45 gold pieces
 16683 | Orc:2    | Bought a potion of curing for 45 gold pieces
 16683 | Orc:2    | Bought a potion of might for 60 gold pieces
 16683 | Orc:2    | Bought a potion of ambrosia for 120 gold pieces
 16788 | Orc:2    | Found Tupeic's Weapon Boutique.
 16793 | Orc:2    | Noticed an orc warlord
 16821 | Orc:2    | Killed an orc warlord
 16858 | Orc:2    | Found Nokkusy's Distillery.
 16860 | Orc:2    | Found Iqenorur's Magic Scroll Shop.
 16866 | Orc:2    | Bought a scroll of enchant weapon for 112 gold pieces
 16866 | Orc:2    | Bought a scroll of enchant armour for 112 gold pieces
 16866 | Orc:2    | Bought a scroll of teleportation for 45 gold pieces
 16866 | Orc:2    | Bought a scroll of teleportation for 45 gold pieces
 16866 | Orc:2    | Bought a scroll of enchant weapon for 112 gold pieces
 16866 | Orc:2    | Bought a scroll of fog for 60 gold pieces
 16866 | Orc:2    | Bought 3 scrolls of fear for 180 gold pieces
 16866 | Orc:2    | Bought a scroll of poison for 60 gold pieces
 16866 | Orc:2    | Bought a scroll of identify for 30 gold pieces
 16871 | Orc:2    | Bought a potion of curing for 42 gold pieces
 16871 | Orc:2    | Bought a potion of heal wounds for 70 gold pieces
 16871 | Orc:2    | Bought a potion of might for 56 gold pieces
 16871 | Orc:2    | Bought a potion of might for 56 gold pieces
 16871 | Orc:2    | Bought a potion of resistance for 140 gold pieces
 17232 | Orc:2    | Received a gift from Nemelex Xobeh
 18000 | Lair:5   | Identified the +3 scimitar of Irritation {heavy, rC+ Str+3
                  | SInv}
 18092 | Lair:5   | Found a runed translucent door.
 18109 | Lair:5   | Noticed hitsuchi's ghost (journeyman DsNe)
 18825 | Abyss:3  | Cast into level 3 of the Abyss (an occultist)
 18838 | Lair:5   | Escaped the Abyss
 18923 | Lair:5   | Found a burning altar of Makhleb.
 18956 | Lair:5   | Received a gift from Nemelex Xobeh
 18958 | Lair:5   | Found a gateway to Hell.
 19643 | D:13     | Received a gift from Nemelex Xobeh
 19768 | D:13     | Gained mutation: Your magical and physical power is
                  | slightly enhanced at high health. [demonic ancestry]
 19768 | D:13     | Reached XP level 15. HP: 104/126 MP: 10/27
 20148 | D:14     | Received a gift from Nemelex Xobeh
 20178 | D:14     | Noticed Nessos
 20196 | D:14     | Killed Nessos
 20349 | D:14     | Received a gift from Nemelex Xobeh
 20478 | D:14     | Found a shadowy altar of Dithmenos.
 20709 | D:15     | Entered Level 15 of the Dungeon
 20710 | D:15     | Noticed Jorgrun
 20712 | D:15     | Jorgrun changed into Jorgrun the glowing shapeshifter
 20712 | D:15     | Noticed Jorgrun
 20713 | D:15     | Jorgrun the glowing shapeshifter changed into Jorgrun the
                  | wolf spider
 20713 | D:15     | Noticed Jorgrun (glowing shapeshifter)
 20719 | D:15     | Killed Jorgrun the wolf spider
 20986 | D:15     | Received a gift from Nemelex Xobeh
 21290 | D:15     | Received a gift from Nemelex Xobeh
 21560 | D:15     | Received a gift from Nemelex Xobeh
 21851 | D:15     | Found a staircase to the Depths.
 22176 | D:15     | Lost mutation: You are partially covered in large bone
                  | plates. (SH +4) [potion of mutation]
 22176 | D:15     | Lost mutation: You do not regenerate when monsters are
                  | visible. [potion of mutation]
 22176 | D:15     | Gained mutation: Your muscles are strong. (Str +4, Int/Dex
                  | -1) [potion of mutation]
 22176 | D:15     | Gained mutation: You have large cloven feet. [potion of
                  | mutation]
 22176 | D:15     | Gained mutation: Your spells are a little harder to cast,
                  | but a little more powerful. [potion of mutation]
 22176 | D:15     | Gained mutation: Your system is resistant to poisons.
                  | (rPois) [potion of mutation]
 22410 | Snake:1  | Entered Level 1 of the Snake Pit
 22504 | Snake:1  | Noticed Nikola
 22521 | Snake:1  | Killed Nikola
 22528 | Snake:1  | Received a gift from Nemelex Xobeh
 23113 | Snake:1  | Received a gift from Nemelex Xobeh
 23451 | Snake:1  | Identified the +7 falchion "Ydeash Ginam" {elec, rElec
                  | Dex+4}
 23873 | Snake:1  | Reached skill level 15 in Axes
 24061 | Snake:2  | Found a sacrificial altar of Ru.
 24081 | Snake:2  | Received a gift from Nemelex Xobeh
 24230 | Snake:2  | Found Qusygocs's Antique Weapon Emporium.
 24244 | Snake:2  | Bought a masterwork battleaxe for 437 gold pieces
 24244 | Snake:2  | Identified the +1 battleaxe "Qapnah Fiept" {freeze, rPois
                  | Str+2 Dex+2 SInv} (You bought it in a shop on level 2 of
                  | the Snake Pit)
 24310 | Snake:2  | Received a gift from Nemelex Xobeh
 24691 | Snake:2  | Received a gift from Nemelex Xobeh
 25421 | Snake:3  | Gained mutation: You may rarely emit foul miasma when
                  | damaged in melee. [demonic ancestry]
 25421 | Snake:3  | Reached XP level 16. HP: 134/134 MP: 28/28
 25568 | Snake:3  | Received a gift from Nemelex Xobeh
 26092 | Snake:3  | Noticed Donald
 26101 | Snake:3  | Killed Donald
 26511 | Snake:3  | Received a gift from Nemelex Xobeh
 26596 | Snake:4  | Entered Level 4 of the Snake Pit
 26866 | Snake:4  | Found Zojyrhe's Assorted Antiques.
 27738 | Snake:4  | Gained mutation: You have a pair of horns on your head.
                  | [demonic ancestry]
 27738 | Snake:4  | Reached XP level 17. HP: 76/140 MP: 29/29
 27885 | Snake:4  | Received a gift from Nemelex Xobeh
 28230 | Snake:4  | Bought a pair of runed gloves for 187 gold pieces
 28433 | Snake:4  | Reached skill level 15 in Fighting
 28652 | Snake:4  | Got a serpentine rune of Zot
 28851 | Snake:1  | Identified a scroll of acquirement
 28860 | Snake:1  | Learned a level 2 spell: Lesser Beckoning
 28957 | Shoals:1 | Entered Level 1 of the Shoals
 29098 | Shoals:1 | Found Syomoel's Assorted Antiques.
 29105 | Shoals:1 | Received a gift from Nemelex Xobeh
 29205 | Shoals:1 | Received a gift from Nemelex Xobeh
 29315 | Shoals:1 | Received a gift from Nemelex Xobeh
 29386 | Shoals:2 | Noticed Polyphemus
 29402 | Shoals:2 | Reached skill level 1 in Spellcasting
 29402 | Shoals:2 | Reached skill level 1 in Translocations
 29402 | Shoals:2 | Killed Polyphemus
 29500 | Shoals:2 | Noticed Mlioglotl
 29508 | Shoals:2 | Killed Mlioglotl
 29631 | Shoals:2 | Received a gift from Nemelex Xobeh
 30139 | Shoals:3 | Received a gift from Nemelex Xobeh
 30383 | Shoals:3 | Noticed a kraken
 30393 | Shoals:3 | Killed a kraken
 30544 | Shoals:3 | Received a gift from Nemelex Xobeh
 30565 | Shoals:4 | Entered Level 4 of the Shoals
 31267 | Shoals:4 | Received a gift from Nemelex Xobeh
 31639 | Shoals:4 | HP: 5/142 [merfolk javelineer/silver javelin (13)]
 31640 | Shoals:4 | Hit by a silver javelin thrown by a merfolk javelineer

Illustrated notes

Levels and vault maps discovered:
D:1:      minmay_arrival_nine_rooms, layout_loops_ring,
          ebering_ecumenical_altar_webs, columned_hall_lemuel
D:2:      layout_loops_corners, minivault_4, minmay_misc_feat_iff
D:3:      layout_loops_ring, amcnicky_mini_pool_small,
          dreamdust_princess_bridge, nrook_uturn, uniq_crazy_yiuf_cottage
D:4:      layout_cave_pools, gammafunk_ghost_gnarly_gnolls
D:5:      cheibrodos_barr_body, layout_basic, minmay_temple_entry_slanted
D:6:      layout_basic, grunt_potential
D:7:      layout_layer_cave, uniq_pikel
D:8:      layout_loops_corners, gammafunk_temple_overflow_wave,
          minmay_lair_entry_lava
D:9:      layout_small_grid, skrybe_limestone_x, serial_bayou_pond_c,
          uniq_maggie
D:10:     layout_loops_ring, nicolae_overflow_crystal_walls,
          hangedman_decor_slide_cut
D:11:     layout_layer_cave, gammafunk_ghost_split, portal_ice_cave_entry_imps,
          minmay_mirror_moons_of_madness, uniq_amaemon
D:12:     layout_basic, erik_orc_4, okawaru_metal_pillars_1_2
D:13:     layout_roguey, erik_vaults_2
D:14:     layout_cave_pools, grunt_dithmenos_shadows, uniq_nessos
D:15:     gammafunk_enter_depths_forms, layout_layer_cave, uniq_jorgrun
Temple:   hellmonk_temple_of_storms
Lair:1:   layout_layer_cave, lemuel_fruit_tree, infiniplex_staircase_pool_2,
          grunt_megastairs_3, serial_bayou_shore_a
Lair:2:   layout_concentric_octagons, elwin_shoals_entry_rooms,
          minmay_snake_entry_six_corridors, serial_bayou_pond_e
Lair:3:   layout_chaotic_city
Lair:4:   layout_regular_city, slime_entry_2, chequers_serial_rivers_micro_a
Lair:5:   evil_forest, layout_small_grid, gammafunk_ghost_grave,
          chequers_serial_rivers_large_b, evilmike_ambush
          [evilmike_ambush_outer_basic, evilmike_ambush_inner_basic]
Shoals:1: layout_shoals, serial_shops, shop
Shoals:2: layout_shoals, ldierk_geyser, uniq_mlioglotl, uniq_polyphemus
Shoals:3: layout_shoals, nicolae_shoals_this_corrosion
Shoals:4: shoals_end_simple, layout_shoals
Snake:1:  layout_chambers, uniq_nikola
Snake:2:  layout_chambers, basic_altar, serial_shops, shop
Snake:3:  layout_honeycomb, uniq_donald
Snake:4:  johnstein_snake_rune_scales, layout_gridlike, serial_shops,
          nicolae_shop_advertising_works [nicolae_subvault_shop_adworks]
Orc:1:    layout_caves, basic_altar
Orc:2:    st_orc_rangers, layout_diamond_mine, serial_shops,
          nicolae_shop_industrial_runoff

Skill      XL: |  1  2  3  4  5  6  7  8  9 10 11 12 13 14 15 16 17 |
---------------+----------------------------------------------------+-----
Axes           | 3 4 5 6 7 8 9 10 12 13 15 18 | 18.6
Dodging        | 3 |  3.3
Fighting       | 4 5 6 7 8 9 10 11 13 14 15 | 15.5
Shields        | 1 2 3 4 6 7 8 10 11 12 13 14 | 14.1
Invocations    | 3 5 8 10 11 13 15 16 17 18 | 18.0
Spellcasting   | 4 |  4.7
Translocations | 4 |  4.7

Action                     |  1- 3 |  4- 6 |  7- 9 | 10-12 | 13-15 | 16-18 || total
---------------------------+-------+-------+-------+-------+-------+-------++-------
  Melee: Hand axe          |    74 |       |       |       |       |       ||    74
         Dagger            |    11 |   128 |   226 |    61 |       |       ||   426
         Broad axe         |       |       |       |   348 |   624 |   468 ||  1440
         Headbutt          |       |       |       |       |   187 |   120 ||   307
  Throw: Dart              |       |       |     4 |       |     4 |     1 ||     9
 Invoke: Draw Destruction  |       |       |    21 |    26 |    58 |    75 ||   180
         Draw Summoning    |       |       |     3 |    16 |    22 |    24 ||    65
         Draw Escape       |       |       |     2 |     1 |       |       ||     3
         Triple Draw       |       |       |       |       |       |     1 ||     1
  Evoke: Wand              |       |       |     3 |    19 |       |     4 ||    26
         Phantom mirror    |       |       |       |       |       |     1 ||     1
    Use: Scroll            |     2 |     4 |    10 |    16 |    11 |    10 ||    53
         Potion            |       |     5 |     2 |     3 |     8 |     4 ||    22
   Stab: Confused          |       |       |     1 |       |       |       ||     1
         Petrified         |       |       |       |     3 |       |     7 ||    10
         Distracted        |       |       |       |     2 |     2 |     8 ||    12
         Petrifying        |       |       |       |     1 |       |       ||     1
         Sleeping          |       |       |       |       |     3 |     2 ||     5
         Invisible         |       |       |       |       |       |     1 ||     1
 Armour: Robe              |    38 |       |       |       |       |       ||    38
         Ring mail         |     3 |    71 |    85 |       |       |       ||   159
         Scale mail        |       |       |    34 |    37 |       |       ||    71
         Acid dragon scale |       |       |       |   186 |   246 |   235 ||   667
  Dodge: Dodged            |    49 |    72 |   104 |   131 |    98 |    72 ||   526
  Block: Kite shield       |       |    49 |   133 |   174 |       |       ||   356
         Tower shield      |       |       |       |   180 |  1020 |   537 ||  1737

Table legend: (Time is in decaauts)
 A = Elapsed time spent in this place.
 B = Non-inter-level travel time spent in this place.
 C = Inter-level travel time spent in this place.
 D = Time resting spent in this place.
 E = Time spent auto-exploring this place.
 F = Levels seen in this place.
 G = Mean time per level.
                   A        B        C        D        E       F      G
               +--------+--------+--------+--------+--------+-----+--------+
         Total |  32130 |  29828 |   2302 |   3625 |  15569 |  33 |  973.6 |
       Dungeon |  14163 |  12713 |   1450 |    940 |   6550 |  15 |  944.2 |
        Temple |     20 |     10 |     10 |      0 |      0 |   1 |   20.0 |
          Lair |   5852 |   5369 |    483 |    497 |   3497 |   5 | 1170.4 |
        Shoals |   2836 |   2712 |    124 |    785 |    254 |   4 |  709.0 |
     Snake Pit |   6475 |   6327 |    148 |    344 |   4827 |   4 | 1618.8 |
  Orcish Mines |   1471 |   1386 |     85 |    236 |    441 |   2 |  735.5 |
         Abyss |     13 |     13 |      0 |      0 |      0 |   1 |   13.0 |
      Ice Cave |   1296 |   1296 |      0 |    823 |      0 |   1 | 1296.0 |
               +--------+--------+--------+--------+--------+-----+--------+

Top non-repeatable levels by time:
 Snake:4: 2213 daAuts
 Snake:1: 1656 daAuts
  Lair:5: 1515 daAuts
    D:12: 1448 daAuts
  Lair:4: 1447 daAuts
 Snake:2: 1424 daAuts
    D:15: 1376 daAuts
   IceCv: 1296 daAuts
     D:8: 1257 daAuts
    D:11: 1248 daAuts
 Snake:3: 1181 daAuts
Shoals:3: 1152 daAuts
     D:6: 1124 daAuts
  Lair:1: 1082 daAuts
     D:2: 1016 daAuts
